 Dungeon Crawl Stone Soup version 0.31.0-2-g5a2aebc5c2 (webtiles) character file.

Game seed: 3528907857002314459

1835389 oldriver the Conqueror (level 27, 199/199 HPs)
             Began as a Gargoyle Fighter on Jan 20, 2024.
             Was the Champion of Okawaru.
             Escaped with the Orb
             ... and 3 runes!
             The game lasted 01:41:40 (57934 turns).

oldriver the Conqueror (Gargoyle Fighter)          Turns: 57934, Time: 01:41:41

Health: 199/199    AC: 60    Str: 41    XL:     27
Magic:  36/36      EV: 16    Int:  9    God:    Okawaru [******]
Gold:   5111       SH: 22    Dex: 15    Spells: 26/26 levels left

rFire   + . .        a - +8 mithril axe "Arga" {speed, Will+}
rCold   + + +        g - +1 tower shield {reflect}
rNeg    + + .        Q - +3 gold dragon scales
rPois   ∞            l - +2 helmet
rElec   +            M - scarf {repulsion}
rCorr   +            i - +2 pair of gloves {Str+3}
SInv    .            U - +0 pair of boots of the Charming Gods {rPois rC++ rN+ Stlth-}
Will    +++..        f - amulet of regeneration Stlth
                     Y - ring of resist corrosion
HPRegen 1.33/turn    T - ring of Trepidation {Fly Str+6 Dex+6}
MPRegen 0.25/turn

%: repel missiles, reflection
@: flying, studying 2 skills
A: sickness immunity, AC +20, big wings, negative energy resistance 1,
electricity resistance, torment resistance 1, petrification resistance,
deterioration 1, dopey 1
0: Orb of Zot
}: 3/15 runes: decaying, serpentine, silver
a: Renounce Religion, Heroism, Finesse, Duel


You escaped.
You worshipped Okawaru.
Okawaru was exalted by your worship.
You visited 9 branches of the dungeon, and saw 45 of its levels.
You also visited: Bailey and Ice Cave.

You collected 7575 gold pieces.
You spent 2464 gold pieces at shops.

Inventory:

Hand Weapons
 a - the +8 mithril axe "Arga" (weapon) {speed, Will+}
   (Okawaru gifted it to you on level 5 of the Lair of Beasts)

   Will+:     It increases your willpower.
 b - a +4 morningstar
 O - the +16 obsidian axe {drain, demonic, Mesm ^Drain Fly SInv}
   (You acquired it on level 4 of the Lair of Beasts)

   Mesm:      Its wielder is mesmerised by any visible foes, and it cannot be
   unequipped while any foes are visible.
   SInv:      It lets you see invisible.
   Fly:       It grants you flight.
   ^Drain:    It drains your maximum health when unequipped.
Missiles
 p - 5 throwing nets
 s - 9 curare-tipped darts (quivered)
Armour
 g - a +1 tower shield of reflection (worn)
 i - a +2 pair of gloves of strength (worn)
 l - a +2 helmet (worn)
 M - a scarf of repulsion (worn)
 Q - +3 gold dragon scales (worn)
 U - the +0 pair of boots of the Charming Gods (worn) {rPois rC++ rN+ Stlth-}
   (Okawaru gifted it to you on level 5 of the Lair of Beasts)

   rC++:      It greatly protects you from cold.
   rPois:     It protects you from poison rN+: It protects you from negative
   energy.
   Stlth-:    It makes you less stealthy.
Jewellery
 f - an amulet of regeneration (around neck)
 h - a +6 ring of strength
 u - the amulet of Xaararim {RegenMP ^Contam rElec rCorr Dex+5}
   (You found it on level 5 of the Vaults)

   [amulet of magic regeneration]

   RegenMP:   It increases your rate of magic regeneration.
   Dex+5:     It affects your dexterity (+5).
   rElec:     It insulates you from electricity.
   ^Contam:   It causes magical contamination when unequipped.
   rCorr:     It protects you from acid and corrosion.
 y - the amulet of Etecueq {Acrobat Will+ Dex+2 Slay+2}
   (You took it off a vault guard on level 4 of the Vaults)

   [amulet of the acrobat]

   Acrobat:   It increases your evasion while moving and waiting.
   Dex+2:     It affects your dexterity (+2).
   Slay+2:    It affects your accuracy & damage with ranged weapons and melee
   (+2).
   Will+:     It increases your willpower.
 L - the ring of Nuskismi {Fly rPois rN+ Dex+6 Slay+3}
   (You found it on level 4 of the Swamp)

   [ring of dexterity]

   Dex+6:     It affects your dexterity (+6).
   Slay+3:    It affects your accuracy & damage with ranged weapons and melee
   (+3).
   rPois:     It protects you from poison rN+: It protects you from negative
   energy.
   Fly:       It grants you flight.
 T - the ring of Trepidation (right hand) {Fly Str+6 Dex+6}
   (You bought it in a shop on level 3 of the Snake Pit)

   [ring of dexterity]

   Str+6:     It affects your strength (+6).
   Dex+6:     It affects your dexterity (+6).
   Fly:       It grants you flight.
 Y - a ring of resist corrosion (left hand)
Wands
 c - a wand of acid (15)
 r - a wand of flame (92)
 x - a wand of iceblast (67)
 E - a wand of polymorph (47)
 S - a wand of mindburst (32)
 Z - a wand of digging (27)
Scrolls
 j - a scroll of torment
 o - 14 scrolls of teleportation
 t - 5 scrolls of vulnerability
 C - 3 scrolls of revelation
 F - 7 scrolls of fog
 G - 8 scrolls of poison
 I - 2 scrolls of silence
 J - a scroll of blinking
 N - 3 scrolls of fear
 P - a scroll of immolation
 V - a scroll of brand weapon
Potions
 d - 2 potions of berserk rage
 e - a potion of cancellation
 k - 2 potions of invisibility
 m - 7 potions of attraction
 n - 3 potions of lignification
 q - 11 potions of brilliance
 v - 20 potions of curing
 w - 2 potions of magic
 z - 6 potions of haste
 A - 8 potions of might
 B - 3 potions of mutation
 D - 4 potions of ambrosia
 H - 4 potions of enlightenment
 R - 2 potions of resistance


   Skills:
 O Level 27 Fighting
 - Level 18.0 Axes
 + Level 26.6 Armour
 + Level 16.7 Dodging
 - Level 5.0 Stealth
 - Level 20.0 Shields
 - Level 18.0 Invocations


You had 26 spell levels left.
You didn't know any spells.
Your spell library contained the following spells:

 Spells                   Type           Power      Damage    Failure   Level
 Apportation              Tloc           0%         N/A       89%         1
 Foxfire                  Conj/Fire      0%         2x1d4     89%         1
 Freeze                   Ice            0%         1d3       89%         1
 Kiss of Death            Conj/Necr      0%         2d5       89%         1
 Magic Dart               Conj           0%         1d3       89%         1
 Necrotise                Necr           0%         1d4       89%         1
 Slow                     Hex            0%         N/A       89%         1
 Sting                    Conj/Alch      0%         1d3       89%         1
 Blink                    Tloc           0%         N/A       96%         2
 Ensorcelled Hibernation  Hex/Ice        0%         N/A       96%         2
 Jinxbite                 Hex            0%         N/A       96%         2
 Mercury Vapours          Alch/Air       0%         N/A       96%         2
 Searing Ray              Conj           0%         2d4       96%         2
 Dazzling Flash           Conj/Hex       0%         N/A       99%         3
 Frozen Ramparts          Ice            0%         1d1       99%         3
 Fugue of the Fallen      Necr           0%         N/A       99%         3
 Gell's Gravitas          Tloc           0%         N/A       99%         3
 Hailstorm                Conj/Ice       0%         3d5       99%         3
 Mephitic Cloud           Conj/Alch/Air  0%         N/A       99%         3
 Ozocubu's Armour         Ice            0%         N/A       99%         3
 Passwall                 Erth           0%         N/A       99%         3
 Swiftness                Air            0%         N/A       99%         3
 Teleport Other           Tloc           0%         N/A       99%         3
 Vampiric Draining        Necr           0%         2d6       99%         3
 Volatile Blastmotes      Fire/Tloc      0%         2d10      99%         3
 Cause Fear               Hex            0%         N/A       100%        4
 Dispel Undead            Necr           0%         3d6       100%        4
 Fulminant Prism          Conj/Alch      0%         3d5       100%        4
 Iskenderun's Mystic Bla  Conj/Tloc      0%         2d3       100%        4
 Leda's Liquefaction      Alch/Erth      0%         N/A       100%        4
 Manifold Assault         Tloc           0%         N/A       100%        4
 Passage of Golubria      Tloc           0%         N/A       100%        4
 Petrify                  Alch/Erth      0%         N/A       100%        4
 Vhi's Electric Charge    Tloc/Air       0%         N/A       100%        4
 Alistair's Intoxication  Alch           0%         N/A       100%        5
 Arcjolt                  Conj/Air       0%         1d10      100%        5
 Curse of Agony           Necr           0%         N/A       100%        5
 Fireball                 Conj/Fire      0%         3d3       100%        5
 Freezing Cloud           Conj/Ice/Air   0%         6-21      100%        5
 Lee's Rapid Deconstruct  Erth           0%         3d4*      100%        5
 Metabolic Englaciation   Hex/Ice        0%         N/A       100%        5
 Silence                  Hex/Air        0%         N/A       100%        5
 Dispersal                Tloc           0%         N/A       100%        6
 Plasma Beam              Fire/Air       0%         2x1d10    100%        6
 Starburst                Conj/Fire      0%         6d3       100%        6
 Orb of Destruction       Conj           0%         9d5       100%        7
 Ozocubu's Refrigeration  Ice            0%         4d7       100%        7
 Borgnjor's Revivificati  Necr           0%         N/A       100%        8
 Disjunction              Tloc           0%         N/A       100%        8
 Lehudib's Crystal Spear  Conj/Erth      0%         10d2      100%        8
 Maxwell's Capacitive Co  Air            0%         ∞         100%        8
 Chain Lightning          Conj/Air       0%         N/A       100%        9
 Death's Door             Necr           0%         N/A       100%        9
 Polar Vortex             Ice            0%         N/A       100%        9
 Summon Small Mammal      Summ           Unusable   N/A       N/A         1
 Call Imp                 Summ           Unusable   N/A       N/A         2
 Cigotuvi's Dreadful Rot  Necr/Alch/Air  Unusable   N/A       N/A         2
 Sublimation of Blood     Necr           Unusable   N/A       N/A         2
 Animate Armour           Summ/Erth      Unusable   N/A       N/A         4
 Martyr's Knell           Necr/Summ      Unusable   N/A       N/A         4
 Summon Blazeheart Golem  Fire/Summ      Unusable   N/A       N/A         4
 Summon Lightning Spire   Summ/Air       Unusable   N/A       N/A         4
 Summon Mana Viper        Hex/Summ       Unusable   N/A       N/A         5
 Death Channel            Necr           Unusable   N/A       N/A         6
 Sculpt Simulacrum        Ice/Alch       Unusable   N/A       N/A         6
 Haunt                    Necr/Summ      Unusable   N/A       N/A         7
 Spellforged Servitor     Conj/Summ      Unusable   N/A       N/A         7
 Dragon's Call            Summ           Unusable   N/A       N/A         9

Dungeon Overview and Level Annotations

Branches:
Dungeon (15/15)            Temple (1/1) D:7            Lair (5/5) D:10
  Swamp (4/4) Lair:3        Snake (4/4) Lair:3        Slime (0/5) Lair:5
    Orc (2/2) D:11            Elf (0/3) Orc:2        Vaults (5/5) D:13
  Crypt (0/3) Vaults:3     Depths (4/4) D:15            Zot (5/5) Depths:4
 Bailey (visited)           IceCv (visited)

Altars:
Ashenzari
Cheibriados
Dithmenos
Elyvilon
Fedhas
Gozag
Hepliaklqana
Kikubaaqudgha
Makhleb
Nemelex Xobeh
Okawaru
Qazlal
Ru
Sif Muna
Trog
Uskayaw
Vehumet
Wu Jian
Xom
Yredelemnul
Zin
The Shining One

Shops:
D:9 !   Orc:1 (*:!(   Orc:2 ([*=   Snake:1 ([::   Snake:3 !*=!   Vaults:2 (=
Vaults:4 (   Zot:4 *

Portals:
Hell: Depths:2 Depths:3 Depths:4
Abyss: Depths:2 Depths:3 Depths:4
Pandemonium: Depths:2 Depths:3 Depths:4
Ziggurat: Depths:1
Trove: D:10 (give +6 demon blade)

Annotations:
D:2 1 runed translucent door, Crazy Yiuf


Innate Abilities, Weirdness & Mutations

You are immune to sickness and miasma.
Your stone body is resilient. (AC +20)
You are immune to poison.
Your large and strong wings let you fly.
You resist negative energy. (rN+)
You are resistant to electric shocks. (rElec)
You are resistant to unholy torment.
You are immune to petrification.
Your body sometimes deteriorates upon taking damage.
You are dopey. (Int -2)


Message History

There is a stone staircase leading up here.
Things that are here:
a +0 ring mail; a +0 mace; an orc skeleton You fly upwards.
There is a stone staircase leading down here.
An Orb Guardian comes into view.
The Orb Guardian moves out of view.
There is a stone staircase leading up here.
You fly upwards.
There is a stone staircase leading down here.
What level of the Dungeon? (default 1, ? - help)
There is a stone staircase leading up here.
You fly upwards.
There is a stone staircase leading down here.
There is a stone staircase leading up here.
You fly upwards.
There is a stone staircase leading down here.
There is a stone staircase leading up here.
You fly upwards.
There is a stone staircase leading down here.
You see here a +0 dagger.
There is a stone staircase leading up here.
You fly upwards.
Level annotation: 1 runed translucent door, Crazy Yiuf
There is a stone staircase leading down here.
There is a stone staircase leading up here.
You fly upwards.
There is a stone staircase leading down here.
There is an open door here.
Aiming: Dig
Press: ? - help, Shift-Dir - straight line A rock wall.
This square is covered in magical glow.
The rock shatters into small pieces.
You see here a +0 robe.
There is an open door here.
There is a staircase leading out of the dungeon here.
There is a staircase leading out of the dungeon here.
You can't go down here!
You have escaped!

###.....#####.###.##..###....###
##......#...#.....###...#....#
.......##.#.#####.#####.##...#
##....'#..#.....#..####.##+..#
......#..######.##........#..#
####.#####...##.#..#########.# #
#.#...#.#.##'#'## #...# #.# #
#.#.#.#.#.##...####.#.###.# #
#.'.#.#.#.['.@.'..#.#.#.'.# #
#.###.#.#.##...##.#.#.#.#.# #
#.##....#.##+#+##.#.#..(#.# #
#.##.####.#..#.##...#####.# #
#..#.#......##.######..#..# #
#..'##.##.#..#(....#..#'..####
####...##.##.##.#.###.#.##...##..
........#....##.#...#...#....##.#
........###..##.###.#####....##.#


There were no monsters in sight!

Vanquished Creatures
  A dread lich (Zot:5)
  Mara (Depths:3)
  5 orbs of fire
  5 ancient liches
  Xtahua (Depths:4)
  Boris (Depths:2)
  Josephina (Depths:4)
  Vv (Depths:2)
  A shard shrike (IceCv)
  9 Killer Klowns
  2 curse toes
  12 caustic shrikes (Depths:3)
  Nikola (Snake:1)
  Jory (Vaults:5)
  A bone dragon (Depths:4)
  10 golden dragons
  A Tzitzimitl (Depths:4)
  4 electric golems
  27 Orb Guardians
  11 tentacled monstrosities
  3 liches
  Jorgrun (Snake:3)
  2 walking divine tomes
  9 quicksilver dragons
  4 sphinxes
  2 ancient champions
  10 death cobs
  7 acid blobs (Zot:3)
  3 titans
  3 thorn hunters
  16 shadow dragons
  Agnes (Snake:4)
  23 storm dragons
  Aizul (Snake:1)
  5 fenstrider witches
  Roxanne (Swamp:1)
  9 tengu reavers
  8 draconian knights
  6 protean progenitors
  3 draconian monks
  2 iron dragons (Depths:3)
  8 frost giants
  16 nagarajas
  9 fire giants
  23 vault wardens
  The ghost of Ykec Esm the Carver, a journeyman DrWn of Ashenzari (Swamp:4)
  Louise (Snake:2)
  6 draconian scorchers
  4 draconian shifters
  2 deep elf sorcerers (Vaults:5)
  3 balrugs
  6 draconian stormcallers
  3 ghost moths
  2 orc warlords
  19 ironbound preservers
  5 draconian annihilators
  2 reapers
  5 spriggan defenders
  3 ghouls (Swamp:4)
  3 vampire knights
  7 very ugly things (Vaults:5)
  7 deep elf annihilators
  13 green draconians
  A deep elf death mage (Vaults:3)
  6 ironbound thunderhulks
  22 stone giants
  2 formless jellyfish
  9 black draconians
  6 eleionomae
  13 red draconians
  10 bunyips
  3 deep elf demonologists
  12 war gargoyles
  5 dire elephants
  Azrael (Snake:3)
  12 purple draconians
  16 spark wasps
  22 yellow draconians
  10 white draconians
  A blizzard demon (Depths:1)
  6 crystal guardians
  2 shambling mangroves
  10 ettins
  The ghost of Keadol the Thaumaturge, a journeyman DrCj of Vehumet (Lair:1)
  6 fire dragons
  A merfolk impaler (Depths:1)
  2 entropy weavers
  5 deep elf high priests
  22 yaktaur captains
  2 jorogumos (Zot:2)
  6 ice dragons
  5 rakshasas
  38 vault guards
  7 great orbs of eyes
  2 hell beasts
  5 ogre magi
  4 peacekeepers
  A salamander tyrant (Snake:4)
  2 caustic shrike simulacra (Depths:4)
  3 ghost crabs
  12 ironbound frosthearts
  12 alligators
  11 anacondas
  21 hydras
  3 spriggan air magi
  12 two-headed ogres
  Erica (D:8)
  4 catoblepae
  17 centaur warriors
  8 boulder beetles
  14 death yaks
  22 naga warriors
  5 deep troll shamans
  12 deep troll earth magi
  8 tengu warriors
  3 orc high priests (Orc:2)
  2 occultists
  4 soul eaters
  6 spriggan berserkers
  7 hell knights
  11 naga sharpshooters
  Nergalle (Orc:1)
  11 shock serpents
  3 sun demons (Zot:4)
  2 salamander mystics
  A skyshark (Lair:2)
  A skeletal warrior (D:14)
  2 goliath frogs
  A sixfirhy (Depths:3)
  13 mana vipers
  7 iron trolls
  2 quicksilver dragon simulacra (Depths:4)
  2 shadow wraiths
  A spectral spark wasp (Depths:4)
  4 spriggan druids
  A glowing orange brain (shapeshifter) (Vaults:5)
  An orb spider (shapeshifter) (Depths:3)
  5 arcanists
  2 spriggan simulacra
  64 deep trolls
  5 glowing orange brains
  A deep elf archer (D:13)
  A mana viper (shapeshifter) (Vaults:4)
  A sea snake (shapeshifter) (Vaults:2)
  2 swamp dragons (shapeshifter)
  An orange crystal statue (IceCv)
  8 naga ritualists
  5 phantasmal warriors
  2 bog bodies (Swamp:2)
  23 ironbound convokers
  15 swamp dragons
  3 necromancers
  7 orc knights
  5 lindwurms
  3 deep elf pyromancers
  12 harpies
  A shadow dragon zombie (Vaults:3)
  2 oklob plants (Zot:3)
  6 orc sorcerers
  A shadow dragon skeleton (Depths:3)
  62 ugly things
  6 manticores
  11 cyclopes
  A manticore (shapeshifter) (Depths:3)
  12 salamanders
  3 will-o-the-wisps
  A stone giant skeleton (Vaults:3)
  A cyclops (shapeshifter) (Vaults:2)
  7 elephants
  21 vault sentinels
  25 moths of wrath
  41 black mambas
  A smoke demon (Depths:2)
  2 water nymphs (shapeshifter) (Vaults:4)
  11 naga magi
  10 guardian serpents
  5 gargoyles
  An eye of devastation (shapeshifter) (Vaults:5)
  Maggie (D:6)
  3 large abominations (Depths:2)
  11 cane toads
  15 komodo dragons
  4 unseen horrors
  18 rime drakes
  A spark wasp simulacrum (Depths:3)
  41 yaktaurs
  2 tormentors
  2 efreet (D:15)
  2 freezing wraiths (Vaults:5)
  A golden dragon simulacrum (Depths:4)
  An ice devil (Depths:4)
  6 tengu conjurers
  A troll (shapeshifter) (D:14)
  6 trolls
  A merfolk (shapeshifter) (Vaults:5)
  A queen bee (shapeshifter) (D:14)
  12 tyrant leeches
  A bloated husk (Swamp:2)
  A wind drake (shapeshifter) (D:15)
  16 hornets
  A tarantella (Vaults:2)
  16 polar bears
  18 blink frogs
  A dream sheep (shapeshifter) (Vaults:4)
  7 dream sheep (Lair:5)
  A glass eye (shapeshifter) (Vaults:4)
  41 slime creatures
  A spriggan (shapeshifter) (Vaults:4)
  A ynoxinul (Depths:4)
  2 shadows
  2 vampires
  A wraith (D:9)
  A human (shapeshifter) (D:14)
  43 yaks
  A yak (shapeshifter) (D:13)
  12 spriggans
  5 water elementals (Depths:1)
  A wyvern (Lair:5)
  A fire bat (shapeshifter) (Vaults:4)
  18 vampire mosquitoes
  Grum (D:9)
  2 humans (D:13)
  A neqoxec (D:15)
  4 fire elementals (Snake:3)
  5 basilisks
  2 chaos spawn (Depths:2)
  7 wargs
  5 steam dragons
  12 swamp worms
  15 water moccasins
  2 human zombies (Vaults:3)
  A swamp worm (shapeshifter) (Depths:2)
  27 nagas
  5 acid dragons
  A meliai simulacrum (D:14)
  11 swamp drakes
  3 black bears
  3 hell hounds (Snake:3)
  3 ice beasts
  35 orc warriors
  4 laughing skulls
  6 ogres
  26 wolves
  8 centaurs
  4 kobold brigands
  5 bullfrogs
  11 gnoll sergeants
  6 scorpions
  8 small abominations (Depths:2)
  3 wights (D:6)
  25 killer bees
  8 howler monkeys
  17 jellies
  A hound (shapeshifter) (D:13)
  8 hounds
  27 orc priests
  7 gnoll boudas (Bailey)
  A sleepcap (D:5)
  Jessica (D:2)
  6 iguanas
  Terence (D:3)
  34 orc wizards
  Robin (D:2)
  17 gnolls
  An adder (D:5)
  A white imp (D:4)
  4 ufetubi
  A dart slug (D:1)
  A ribbon worm (D:2)
  77 orcs
  2 endoplasms (D:1)
  2 giant cockroaches (D:1)
  18 goblins
  7 hobgoblins
  6 quokkas
  A ball python (D:2)
  4 bats
  A frilled lizard (D:2)
  35 kobolds
  7 rats
  An aspiring flesh (Zot:1)
  2 spectral weapons
2160 creatures vanquished.

Vanquished Creatures (others)
  Asterion (Snake:4)
  A draconian knight (Zot:2)
  A green draconian (Zot:1)
  A salamander (Snake:4)
  A black mamba (Snake:4)
  A bloated husk (Swamp:3)
  A slime creature (D:15)
  A spriggan (Swamp:3)
  A naga (Snake:4)
  2 orc wizards
  10 foxfires
21 creatures vanquished.

Grand Total: 2181 creatures vanquished

Notes
Turn   | Place    | Note
-------+----------+-------------------------------------------
     0 | D:1      | oldriver the Gargoyle Fighter began the quest for the Orb.
     0 | D:1      | Reached XP level 1. HP: 14/14 MP: 1/1
   110 | D:1      | Reached XP level 2. HP: 19/19 MP: 2/2
   264 | D:1      | Found a faded altar of an unknown god.
   494 | D:1      | Reached XP level 3. HP: 20/24 MP: 3/3
   979 | D:2      | Noticed Jessica
   989 | D:2      | Noticed Robin
   995 | D:2      | Killed Jessica
   996 | D:2      | Reached skill level 4 in Fighting
   996 | D:2      | Reached XP level 4. HP: 27/29 MP: 4/4
  1024 | D:2      | Killed Robin
  1428 | D:2      | Found a runed translucent door.
  1429 | D:2      | Noticed Crazy Yiuf
  1595 | D:3      | Noticed Terence
  1605 | D:3      | Killed Terence
  1606 | D:3      | Reached XP level 5. HP: 33/34 MP: 5/5
  2465 | D:4      | Found a blossoming altar of Fedhas.
  2652 | D:4      | Found a hazy altar of Hepliaklqana.
  3217 | D:5      | Entered Level 5 of the Dungeon
  3232 | D:4      | Reached skill level 5 in Fighting
  3232 | D:4      | Reached XP level 6. HP: 23/40 MP: 6/6
  3271 | D:4      | Reached skill level 5 in Axes
  3350 | D:5      | Reached XP level 7. HP: 44/44 MP: 7/7
  3687 | D:5      | Reached skill level 6 in Fighting
  3841 | D:5      | Reached XP level 8. HP: 52/52 MP: 8/8
  3942 | D:5      | Found a broken altar of Ashenzari.
  4470 | D:6      | Reached skill level 7 in Fighting
  4697 | D:6      | Noticed Maggie
  4715 | D:6      | Killed Maggie
  4923 | D:6      | Reached XP level 9. HP: 59/59 MP: 9/9
  5046 | D:6      | Reached skill level 8 in Fighting
  5046 | D:6      | Reached skill level 1 in Stealth
  5524 | D:7      | Found a glowing silver altar of Zin.
  6141 | D:7      | Found a staircase to the Ecumenical Temple.
  6270 | Temple   | Entered the Ecumenical Temple
  6296 | Temple   | Became a worshipper of Warmaster Okawaru
  6410 | D:8      | Noticed Erica
  6433 | D:8      | Killed Erica
  6433 | D:8      | Reached * piety under Okawaru
  6434 | D:8      | Reached XP level 10. HP: 40/65 MP: 10/10
  6517 | D:8      | Reached skill level 5 in Armour
  6517 | D:8      | Reached skill level 5 in Shields
  6690 | D:8      | Reached skill level 9 in Fighting
  6690 | D:8      | Reached skill level 10 in Axes
  6832 | D:8      | Reached ** piety under Okawaru
  6891 | D:8      | Found an ornate altar of the Wu Jian Council.
  6892 | D:8      | Found a basalt altar of Yredelemnul.
  6987 | D:8      | Reached skill level 5 in Stealth
  7343 | D:9      | Reached skill level 1 in Invocations
  7387 | D:9      | Found a stormy altar of Qazlal.
  7503 | D:9      | Reached *** piety under Okawaru
  7537 | D:9      | Noticed Grum
  7569 | D:9      | Killed Grum
  7587 | D:9      | Found a flagged portal.
  7607 | Bailey   | Entered a bailey
  8077 | Bailey   | Reached XP level 11. HP: 70/72 MP: 13/13
  8104 | Bailey   | Reached skill level 10 in Fighting
  8644 | D:9      | Found Orol's Distillery.
  8652 | D:9      | Bought a potion of haste for 130 gold pieces
  8652 | D:9      | Bought a potion of curing for 39 gold pieces
  8652 | D:9      | Bought a potion of curing for 39 gold pieces
  8652 | D:9      | Bought a potion of curing for 39 gold pieces
  8763 | D:9      | You fall into a shaft and drop 2 floors!
  8902 | D:11     | Reached **** piety under Okawaru
  8959 | D:11     | Noticed a two-headed ogre
  8982 | D:11     | Killed a two-headed ogre
  9084 | D:11     | Noticed a two-headed ogre
  9085 | D:11     | Noticed a two-headed ogre
  9105 | D:11     | Killed a two-headed ogre
  9127 | D:11     | Killed a two-headed ogre
  9128 | D:11     | Reached skill level 11 in Fighting
  9146 | D:11     | Noticed a two-headed ogre
  9162 | D:11     | Killed a two-headed ogre
  9230 | D:11     | Noticed a manticore
  9248 | D:11     | Killed a manticore
  9248 | D:11     | Reached ***** piety under Okawaru
  9295 | D:11     | Noticed a cyclops
  9319 | D:11     | Killed a cyclops
  9365 | D:10     | Entered Level 10 of the Dungeon
  9606 | D:9      | Received a gift from Okawaru
  9632 | D:9      | Reached XP level 12. HP: 81/81 MP: 15/15
  9797 | D:9      | Reached skill level 12 in Fighting
  9845 | D:9      | Identified the ring "Osuruit" {rPois SInv}
 10082 | D:10     | Found a portal to a secret trove of treasure.
 10501 | D:10     | Found a staircase to the Lair.
 10682 | D:10     | Noticed a two-headed ogre
 10692 | D:10     | Killed a two-headed ogre
 10994 | D:11     | Found a staircase to the Orcish Mines.
 11134 | D:11     | Found a radiant altar of Vehumet.
 11660 | Lair:1   | Entered Level 1 of the Lair of Beasts
 11812 | Lair:1   | Reached skill level 13 in Fighting
 12079 | Lair:1   | Noticed a death yak
 12126 | Lair:1   | Killed a death yak
 12281 | Lair:1   | Reached skill level 10 in Armour
 12293 | Lair:1   | Noticed a death yak
 12303 | Lair:1   | Noticed a death yak
 12318 | Lair:1   | Killed a death yak
 12328 | Lair:1   | Killed a death yak
 12526 | Lair:1   | Found a runed translucent door.
 12526 | Lair:1   | Noticed Keadol's ghost (journeyman DrCj)
 12876 | Lair:2   | Noticed a skyshark
 12887 | Lair:2   | Killed a skyshark
 12888 | Lair:2   | Reached XP level 13. HP: 84/89 MP: 14/16
 13569 | Lair:1   | Received a gift from Okawaru
 13630 | Lair:2   | Reached skill level 14 in Fighting
 14032 | Lair:3   | Found a staircase to the Swamp.
 14253 | Lair:3   | Found a staircase to the Snake Pit.
 14954 | Lair:4   | Received a gift from Okawaru
 15312 | Lair:4   | Received a gift from Okawaru
 15319 | Lair:4   | Reached skill level 15 in Fighting
 15324 | Lair:4   | Identified a scroll of acquirement
 15327 | Lair:4   | Acquired the +16 obsidian axe {drain, demonic, Mesm ^Drain
                  | Fly SInv}
 15327 | Lair:4   | Found the +16 obsidian axe {drain, demonic, Mesm ^Drain Fly
                  | SInv}
 15642 | Lair:4   | Gained mutation: Your large and strong wings let you fly.
                  | [Gargoyle growth]
 15642 | Lair:4   | Reached XP level 14. HP: 74/98 MP: 17/17
 15955 | Lair:5   | Entered Level 5 of the Lair of Beasts
 15986 | Lair:5   | Found a staircase to the Slime Pits.
 15988 | Lair:5   | Found a dark tunnel.
 16246 | Lair:5   | Reached ****** piety under Okawaru
 16246 | Lair:5   | Received a gift from Okawaru
 16248 | Lair:5   | Acquired the +8 mithril axe "Arga" {speed, Will+}
 16248 | Lair:5   | Received a gift from Okawaru
 16248 | Lair:5   | Found the +8 mithril axe "Arga" {speed, Will+}
 16278 | Lair:5   | Acquired the +0 pair of boots of the Charming Gods {rPois
                  | rC++ rN+ Stlth-}
 16278 | Lair:5   | Received a gift from Okawaru
 16461 | Lair:5   | Reached skill level 16 in Fighting
 16792 | Lair:5   | Reached skill level 15 in Axes
 17298 | Orc:1    | Entered Level 1 of the Orcish Mines
 17298 | Orc:1    | Noticed Nergalle
 17321 | Orc:1    | Killed Nergalle
 17321 | Orc:1    | Received a gift from Okawaru
 17408 | Orc:1    | Found Kaz Nerph's Book Boutique.
 17443 | Orc:1    | Found Roulypn's Mayhem Merchandise.
 17447 | Orc:1    | Found Fuyskeli's Antique Weapon Shop.
 17701 | Orc:1    | Found Segoaw's Distillery.
 17730 | Orc:1    | Bought a potion of heal wounds for 80 gold pieces
 17730 | Orc:1    | Bought a potion of heal wounds for 80 gold pieces
 17730 | Orc:1    | Bought a potion of curing for 48 gold pieces
 17730 | Orc:1    | Bought a potion of mutation for 128 gold pieces
 17737 | Orc:1    | Found Baoss's Weapon Shoppe.
 17890 | Orc:2    | Entered Level 2 of the Orcish Mines
 18028 | Orc:2    | Reached skill level 5 in Invocations
 18169 | Orc:2    | Found a shimmering altar of Xom.
 18212 | Orc:2    | Received a gift from Okawaru
 18226 | Orc:2    | Reached XP level 15. HP: 106/106 MP: 18/18
 18241 | Orc:2    | Noticed an orc warlord
 18263 | Orc:2    | Killed an orc warlord
 18286 | Orc:2    | Reached skill level 17 in Fighting
 18430 | Orc:2    | Found a staircase to the Elven Halls.
 18838 | Orc:2    | Found Sots's Antique Armour Boutique.
 18839 | Orc:2    | Found Niaria Heos's Antique Weapon Boutique.
 18841 | Orc:2    | Found Eluggaku's General Store.
 18841 | Orc:2    | Found Apipi's Jewellery Shop.
 18856 | Orc:2    | Bought a translucent buckler for 266 gold pieces
 18856 | Orc:2    | Identified the +2 buckler of Responsibility {Dex+4} (You
                  | bought it in a shop on level 2 of the Orcish Mines)
 19043 | Snake:1  | Entered Level 1 of the Snake Pit
 19152 | Snake:1  | Found Zoamot's Antique Armour Boutique.
 19174 | Snake:1  | Found Fuareb's Book Emporium.
 19234 | Snake:1  | Received a gift from Okawaru
 19277 | Snake:1  | Found Uqynavig's Book Shop.
 19687 | Snake:1  | Noticed Nikola
 19688 | Snake:1  | Identified the serpent talisman "Qifeirch" {Int+4 Dex+2}
 19688 | Snake:1  | Noticed Aizul
 19704 | Snake:1  | Killed Nikola
 19704 | Snake:1  | Received a gift from Okawaru
 19706 | Snake:1  | Killed Aizul
 20106 | Snake:1  | Found Iblamawn's Weapon Shop.
 20561 | Snake:2  | Found a glacial archway.
 20565 | IceCv    | Entered an ice cave
 20601 | IceCv    | Reached XP level 16. HP: 114/114 MP: 22/22
 20764 | IceCv    | Received a gift from Okawaru
 20950 | IceCv    | Noticed a shard shrike
 20960 | IceCv    | Reached skill level 18 in Fighting
 21022 | IceCv    | Killed a shard shrike
 21237 | IceCv    | Received a gift from Okawaru
 21477 | Snake:2  | Noticed Louise
 22244 | Snake:2  | Killed Louise
 22261 | Snake:2  | Received a gift from Okawaru
 22340 | Snake:2  | Reached skill level 10 in Invocations
 22441 | Snake:3  | Found Quowarij's Distillery.
 22444 | Snake:3  | Bought a potion of curing for 33 gold pieces
 22444 | Snake:3  | Bought a potion of curing for 33 gold pieces
 22444 | Snake:3  | Bought a potion of curing for 33 gold pieces
 22444 | Snake:3  | Bought a potion of might for 44 gold pieces
 22485 | Snake:3  | Noticed Azrael
 22512 | Snake:3  | Killed Azrael
 22514 | Snake:3  | Noticed a nagaraja
 22529 | Snake:3  | Killed a nagaraja
 22564 | Snake:3  | Reached skill level 15 in Armour
 22662 | Snake:3  | Received a gift from Okawaru
 22675 | Snake:3  | Reached XP level 17. HP: 102/120 MP: 24/24
 22743 | Snake:3  | Found Koso's General Store.
 22746 | Snake:3  | Bought a scroll of teleportation for 42 gold pieces
 22799 | Snake:3  | Noticed Jorgrun
 22813 | Snake:3  | Killed Jorgrun
 22981 | Snake:3  | Found Xiufou's Distillery.
 22991 | Snake:3  | Bought a potion of heal wounds for 90 gold pieces
 22991 | Snake:3  | Bought a potion of heal wounds for 90 gold pieces
 22991 | Snake:3  | Bought a potion of heal wounds for 90 gold pieces
 23054 | Snake:3  | Reached skill level 19 in Fighting
 23153 | Snake:3  | Found Seahy's Jewellery Shop.
 23158 | Snake:3  | Bought the ring of Trepidation {Fly Str+6 Dex+6} for 692
                  | gold pieces
 23187 | Snake:4  | Entered Level 4 of the Snake Pit
 23228 | Snake:4  | Received a gift from Okawaru
 23297 | Snake:4  | Noticed Asterion
 23322 | Snake:4  | Killed Asterion
 23363 | Snake:4  | Noticed Agnes
 23381 | Snake:4  | Killed Agnes
 24367 | Snake:4  | Received a gift from Okawaru
 24796 | Snake:4  | Received a gift from Okawaru
 24977 | Snake:4  | Reached skill level 20 in Fighting
 24977 | Snake:4  | Reached XP level 18. HP: 123/129 MP: 26/26
 25368 | Snake:4  | Got a serpentine rune of Zot
 25700 | Swamp:1  | Entered Level 1 of the Swamp
 25710 | Swamp:1  | Received a gift from Okawaru
 25941 | Orc:2    | Bought a ring of resist corrosion for 300 gold pieces
 26097 | Lair:1   | Killed Keadol's ghost
 26452 | Swamp:1  | Noticed Roxanne
 26646 | Swamp:1  | Killed Roxanne
 26978 | Swamp:2  | Received a gift from Okawaru
 27399 | Swamp:2  | Reached skill level 21 in Fighting
 27576 | Swamp:2  | Noticed a tentacled monstrosity
 27588 | Swamp:2  | Killed a tentacled monstrosity
 27588 | Swamp:2  | Received a gift from Okawaru
 28643 | Swamp:3  | Received a gift from Okawaru
 28651 | Swamp:3  | Reached skill level 1 in Dodging
 28879 | Swamp:4  | Entered Level 4 of the Swamp
 28914 | Swamp:3  | Reached XP level 19. HP: 76/138 MP: 29/29
 29192 | Swamp:4  | Noticed Ykec Esm's ghost (journeyman DrWn)
 29197 | Swamp:4  | Found a runed translucent gate.
 29197 | Swamp:4  | Found a runed translucent gate.
 29203 | Swamp:4  | Found a runed translucent gate.
 29362 | Swamp:4  | Identified the +0 hand axe "Ugaodioq" {elec, rF+ Will- MP+9
                  | Dex+5}
 29622 | Swamp:4  | Received a gift from Okawaru
 30197 | Swamp:4  | Got a decaying rune of Zot
 30319 | Swamp:4  | Killed Ykec Esm's ghost
 30353 | Swamp:4  | Identified the ring of Nuskismi {Fly rPois rN+ Dex+6
                  | Slay+3}
 30357 | Swamp:4  | Identified the ring of Wu Jian's Reproof {Ice Slay+3 SInv}
 30771 | D:12     | Received a gift from Okawaru
 31528 | D:13     | Found a shadowy altar of Dithmenos.
 31865 | D:13     | Found a gate to the Vaults.
 32280 | D:14     | Received a gift from Okawaru
 32325 | D:14     | Reached skill level 22 in Fighting
 32629 | D:14     | Identified the staff of Reapportionment {rElec rF- Will++
                  | Dex+2 SInv Air}
 32656 | D:14     | Identified the +3 broad axe of Extinguishment {speed,
                  | Str+3}
 33221 | D:14     | Identified the +8 war axe of the Tent {flame, rF- Int+5}
 33554 | D:15     | Entered Level 15 of the Dungeon
 33613 | D:15     | Acquired 990 gold pieces
 33689 | D:15     | Reached XP level 20. HP: 109/145 MP: 30/30
 33755 | D:15     | Found a staircase to the Depths.
 34239 | D:15     | Received a gift from Okawaru
 34715 | Vaults:1 | Entered Level 1 of the Vaults
 35240 | Vaults:1 | Reached skill level 10 in Shields
 35249 | Vaults:1 | Received a gift from Okawaru
 35962 | Vaults:1 | Reached skill level 23 in Fighting
 36181 | Vaults:1 | Received a gift from Okawaru
 36758 | Vaults:2 | Found Wunocer's Jewellery Shop.
 36787 | Vaults:2 | Found Nygg's Weapon Emporium.
 36895 | Vaults:2 | Reached XP level 21. HP: 133/153 MP: 31/31
 36983 | Vaults:2 | Received a gift from Okawaru
 37369 | Vaults:2 | Noticed a golden dragon
 37385 | Vaults:2 | Killed a golden dragon
 37875 | Vaults:2 | Received a gift from Okawaru
 38547 | Vaults:3 | Reached skill level 24 in Fighting
 38853 | Vaults:3 | Received a gift from Okawaru
 39052 | Vaults:3 | Found a staircase to the Crypt.
 39331 | Vaults:3 | Identified the +4 scimitar of the Valley of Death {freeze,
                  | ^Fragile Will+ Str+2}
 39381 | Vaults:3 | Got the Discursus on the Warped Curse
 39726 | Vaults:4 | Received a gift from Okawaru
 39771 | Vaults:4 | Reached XP level 22. HP: 163/163 MP: 32/32
 40352 | Vaults:4 | Received a gift from Okawaru
 40774 | Vaults:4 | Found Raechenu's Weapon Shop.
 40796 | Vaults:4 | Reached skill level 15 in Shields
 41126 | Depths:1 | Entered Level 1 of the Depths
 41147 | Depths:1 | Reached skill level 25 in Fighting
 41170 | Depths:1 | Found a one-way gateway to a ziggurat.
 41470 | Depths:1 | Received a gift from Okawaru
 41668 | Depths:1 | You are sucked into a shaft and drop 1 floor!
 41668 | Depths:2 | Noticed Vv
 41693 | Depths:2 | Killed Vv
 41806 | Depths:2 | Received a gift from Okawaru
 41837 | Depths:2 | Found a one-way gate to the infinite horrors of the Abyss.
 41890 | Depths:2 | Reached skill level 5 in Dodging
 41915 | Depths:2 | Found a one-way gate leading to the halls of Pandemonium.
 42321 | Depths:2 | Noticed a golden dragon
 42345 | Depths:2 | Killed a golden dragon
 42346 | Depths:2 | Reached XP level 23. HP: 132/172 MP: 30/33
 42396 | Depths:2 | Noticed Boris
 42423 | Depths:2 | Killed Boris
 42548 | Depths:2 | Received a gift from Okawaru
 42586 | Depths:2 | Found a gateway to Hell.
 43467 | Depths:3 | Reached skill level 26 in Fighting
 43492 | Depths:3 | Received a gift from Okawaru
 43538 | Depths:3 | Noticed a caustic shrike
 43551 | Depths:3 | Killed a caustic shrike
 43554 | Depths:3 | Noticed a caustic shrike
 43556 | Depths:3 | Noticed a caustic shrike
 43570 | Depths:3 | Killed a caustic shrike
 43573 | Depths:3 | Killed a caustic shrike
 43576 | Depths:3 | Noticed a caustic shrike
 43577 | Depths:3 | Noticed a caustic shrike
 43595 | Depths:3 | Killed a caustic shrike
 43603 | Depths:3 | Killed a caustic shrike
 43626 | Depths:3 | Noticed a caustic shrike
 43642 | Depths:3 | Killed a caustic shrike
 43649 | Depths:3 | Received a gift from Okawaru
 43665 | Depths:3 | Noticed a caustic shrike
 43668 | Depths:3 | Noticed a caustic shrike
 43676 | Depths:3 | Killed a caustic shrike
 43682 | Depths:3 | Killed a caustic shrike
 43723 | Depths:3 | Noticed a caustic shrike
 43740 | Depths:3 | Killed a caustic shrike
 43777 | Depths:3 | Noticed a caustic shrike
 43777 | Depths:3 | Received a gift from Okawaru
 43782 | Depths:3 | Noticed a caustic shrike
 43791 | Depths:3 | Killed a caustic shrike
 43809 | Depths:3 | Killed a caustic shrike
 43905 | Depths:3 | Noticed a caustic shrike
 43912 | Depths:3 | Killed a caustic shrike
 43961 | Depths:3 | Reached XP level 24. HP: 180/180 MP: 33/33
 44574 | Depths:3 | Noticed Mara
 44579 | Depths:3 | Noticed oldriver's illusion
 44627 | Depths:3 | Killed Mara
 44854 | Depths:3 | Received a gift from Okawaru
 44987 | Depths:4 | Entered Level 4 of the Depths
 45366 | Depths:4 | Identified the +1 shortbow of Wyrd {freeze, rElec rPois rC-
                  | SInv}
 45464 | Depths:4 | Identified the staff of Disgust {^Contam rElec rC+ Dex+3
                  | Ice}
 45464 | Depths:4 | Identified the ring of Vihap {Ice ^Drain Fly rPois Int+4}
 45464 | Depths:4 | Noticed Josephina
 45603 | Depths:4 | Killed Josephina
 45701 | Depths:4 | Found a gate to the Realm of Zot.
 45756 | Depths:4 | Identified the +8 lajatang of Noar {freeze, Str-4 Int+4}
 45757 | Depths:4 | Identified the +3 broad axe "Tovu Zem" {speed, rN+ Int+7}
 45757 | Depths:4 | Noticed Xtahua
 45806 | Depths:4 | Killed Xtahua
 45849 | Depths:4 | Found a shimmering altar of Xom.
 46075 | Depths:4 | Received a gift from Okawaru
 46356 | Depths:4 | Found a faded altar of an unknown god.
 46357 | Depths:4 | Found a hazy altar of Hepliaklqana.
 46636 | Vaults:5 | Entered Level 5 of the Vaults
 46676 | Vaults:5 | Noticed Jory
 46689 | Vaults:5 | Noticed an ancient lich
 46772 | Vaults:5 | Reached skill level 27 in Fighting
 46786 | Vaults:5 | Noticed an ancient lich
 47088 | Vaults:5 | Identified the +0 great mace of Komiphen {speed, rElec
                  | Dex+4}
 47118 | Vaults:5 | Received a gift from Okawaru
 47181 | Vaults:5 | Got a silver rune of Zot
 47355 | Vaults:5 | Killed an ancient lich
 47372 | Vaults:5 | Reached XP level 25. HP: 145/187 MP: 33/33
 47387 | Vaults:5 | Killed Jory
 47711 | Vaults:5 | Received a gift from Okawaru
 47797 | Vaults:5 | Killed an ancient lich
 47798 | Vaults:5 | Reached skill level 10 in Dodging
 47886 | Vaults:5 | Identified the dragon-blood talisman of Lilacs {rN++ Int+2}
 47896 | Vaults:5 | Identified the amulet of Xaararim {RegenMP ^Contam rElec
                  | rCorr Dex+5}
 47991 | Vaults:5 | Identified the +0 robe "Min Jed" {Rampage rCorr}
 48220 | Vaults:5 | Identified the amulet of Etecueq {Acrobat Will+ Dex+2
                  | Slay+2}
 48316 | Vaults:5 | Identified the +6 flail "Teto" {holy, rF+}
 48316 | Vaults:5 | Identified the +0 plate armour "Toadysso" {rPois}
 48357 | Vaults:5 | Received a gift from Okawaru
 48666 | Vaults:5 | Got Ylacemem's Precepts of Sciomancy
 48832 | Vaults:5 | Got the Grimoire of Congelation and Spectres
 48900 | Vaults:5 | Got the Almanac of the Birds and the Crevasse
 49605 | Zot:1    | Entered Level 1 of the Realm of Zot
 49856 | Zot:1    | Received a gift from Okawaru
 49862 | Zot:1    | Acquired a manual of Dodging
 50752 | Zot:1    | Reached XP level 26. HP: 193/193 MP: 33/33
 50920 | Zot:2    | Received a gift from Okawaru
 51634 | Zot:2    | Noticed a Killer Klown
 51643 | Zot:2    | Killed a Killer Klown
 51865 | Zot:2    | Noticed a Killer Klown
 51907 | Zot:2    | Killed a Killer Klown
 52147 | Zot:3    | Received a gift from Okawaru
 53465 | Zot:3    | Received a gift from Okawaru
 53736 | Zot:3    | Reached skill level 15 in Dodging
 53937 | Zot:3    | Identified the +9 great mace of Painted Watchfulness
                  | {freeze, rC+ Int-5 Stlth+}
 54276 | Zot:4    | Found Pozxa's Changing Room.
 54302 | Zot:4    | Bought a potion of mutation for 168 gold pieces
 54610 | Zot:4    | Received a gift from Okawaru
 54814 | Zot:4    | Reached XP level 27. HP: 180/199 MP: 33/33
 55146 | Zot:4    | Identified the scarf of Xucoomysoa {harm, +Blink}
 55382 | Zot:5    | Entered Level 5 of the Realm of Zot
 55400 | Zot:5    | Noticed an orb of fire
 55415 | Zot:5    | Reached skill level 15 in Invocations
 55439 | Zot:5    | Killed an orb of fire
 55773 | Zot:5    | Noticed an orb of fire
 55786 | Zot:5    | Gained mutation: You are dopey. (Int -2) [an orb of fire]
 55796 | Zot:5    | Killed an orb of fire
 55924 | Zot:5    | Noticed an orb of fire
 55941 | Zot:5    | Gained mutation: You sometimes lose your temper in combat.
                  | [an orb of fire]
 55947 | Zot:5    | Killed an orb of fire
 55947 | Zot:5    | Received a gift from Okawaru
 56009 | Zot:5    | Noticed an ancient lich
 56026 | Zot:5    | Killed an ancient lich
 56176 | Zot:5    | Noticed an ancient lich
 56188 | Zot:5    | Noticed an orb of fire
 56192 | Zot:5    | Killed an ancient lich
 56206 | Zot:5    | Noticed an ancient lich
 56209 | Zot:5    | Killed an orb of fire
 56211 | Zot:5    | Noticed an orb of fire
 56233 | Zot:5    | Gained mutation: You occasionally lose the ability to read
                  | scrolls when taking damage. [an orb of fire]
 56246 | Zot:4    | HP: 4/199 [orb of fire/fireball (14)]
 56248 | Zot:4    | Gained mutation: Your magical capacity is low. (-10% MP)
                  | [an orb of fire]
 56250 | Zot:4    | Gained mutation: Your body sometimes deteriorates upon
                  | taking damage. [an orb of fire]
 56252 | Zot:4    | Killed an orb of fire
 56542 | Zot:5    | Killed an ancient lich
 56544 | Zot:5    | Noticed a dread lich
 56608 | Zot:5    | Killed a dread lich
 56608 | Zot:5    | Received a gift from Okawaru
 56786 | Zot:5    | Lost mutation: You occasionally lose the ability to read
                  | scrolls when taking damage. [potion of mutation]
 56786 | Zot:5    | Lost mutation: Your magical capacity is low. (-10% MP)
                  | [potion of mutation]
 56786 | Zot:5    | Gained mutation: You expend magic power (3 MP) to
                  | strengthen your wands. [potion of mutation]
 56786 | Zot:5    | Lost mutation: You sometimes lose your temper in combat.
                  | [potion of mutation]
 56786 | Zot:5    | Lost mutation: You expend magic power (3 MP) to strengthen
                  | your wands. [potion of mutation]
 57203 | Zot:5    | Got the Orb of Zot
 57262 | Zot:4    | Received a gift from Okawaru
 57934 | D:$      | Escaped with the Orb!

Illustrated notes

Levels and vault maps discovered:
D:1:      nicolae_arrival_somewhat_less_tricky_arrival, layout_loops_ring,
          dreamdust_ecumenical_altar_hidden_monk_grotto
D:2:      layout_rooms, nicolae_elevator_lobby_asterisk, uniq_robin,
          uniq_jessica, uniq_crazy_yiuf_cottage
D:3:      layout_loops_ring, hangedman_abyss_or_decor_stabs,
          corexii_leaking_fountain, uniq_terence
D:4:      layout_basic, mainiacjoe_overflow_boulevard,
          nicolae_overflow_crystal_walls
D:5:      layout_basic, ashenzari_conservatory_becter, hangedman_decor_riveting,
          serial_bayou_pond_b
D:6:      nicolae_cairo_tiling_very_big, layout_loops_ring,
          chequers_serial_rivers_room_b, uniq_maggie
D:7:      layout_cave_pools, nicolae_overflow_hidden_temple,
          lemuel_temple_firewalk_a, nicolae_tricolors
D:8:      layout_gridville, mainiacjoe_overflow_divided_tiny, uniq_erica
D:9:      layout_basic, grunt_qazlal_clouds, enter_bailey_3, serial_shops,
          nicolae_shop_industrial_runoff, lightli_orcish_oven, uniq_grum
D:10:     layout_rooms, grunt_lair_entry_orc_guard_hut,
          nicolae_trove_entry_isolated
D:11:     minmay_bubble_buster, layout_irregular_city, david_orc_3,
          gauntlet_entry_generic, palyth_stone_intersect,
          nicolae_vehumet_radiance
D:12:     layout_loops_cross, nicolae_zig_zag_zippers
D:13:     layout_basic, grunt_vaults_entry_fortified,
          grunt_dithmenos_smoke_and_mirrors
D:14:     minmay_eight_partial_circles, layout_loops_corners,
          chequers_serial_rivers_large_b, kennysheep_inner_square
D:15:     gammafunk_enter_depths_forms, layout_rooms,
          nicolae_concentric_dashed_squares_mild
Temple:   nicolae_temple_superstar
Lair:1:   layout_cave_pods, gammafunk_ghost_grave, serial_bayou_shore_b
Lair:2:   layout_misc_corridors, serial_bayou_shore_b, lemuel_fruit_fields,
          grunt_megastairs_1
Lair:3:   layout_misc_corridors, minmay_swamp_entry_worms, dummy_snake_entry
Lair:4:   layout_loops_ring, lemuel_fruit_fields
Lair:5:   grunt_lair_end_beastmaster, layout_long_grid, slime_entry_1,
          nicolae_volcano_entry_hallway
Swamp:1:  layout_basic_swamp, evilmike_swamp_ruin_house_4, uniq_roxanne
Swamp:2:  nzn_winding_woodlands_cross [nzn_winding_woodlands_5x15_sidewinder,
          nzn_winding_woodlands_5x15_pool,
          nzn_winding_woodlands_5x15_concentric, nzn_winding_woodlands_5x15_eye,
          nzn_winding_woodlands_15x15_thick_spiral], layout_basic_swamp,
          evilmike_swamp_ruin_house_6, swamp_pool_1_2, infiniplex_staircase_pool
Swamp:3:  layout_basic_swamp, evilmike_swamp_ruin_house_1
Swamp:4:  swamp, layout_basic_swamp, gammafunk_ghost_split, swamp_pool_4
Snake:1:  layout_chambers, serial_shops, nicolae_shop_bloodbath_and_beyond,
          shop, nicolae_shop_tiny_glass, shop_fountains, grunt_megastairs_4,
          uniq_aizul, uniq_nikola
Snake:2:  layout_cave_pods, portal_ice_cave_entry_pillars_four, uniq_louise
Snake:3:  layout_basic, serial_shops, nicolae_shop_back_alley_shop, shop,
          nicolae_shop_window_shopping, shop, serial_bayou_pond_e,
          serial_bayou_shore_b, uniq_azrael, uniq_jorgrun
Snake:4:  grunt_snake_rune_spirals, layout_onion, nicolae_snake_mages_go_home,
          uniq_agnes, uniq_asterion
Orc:1:    layout_caves, serial_shops, shop, nicolae_book_shop_shelving, shop,
          shop, nicolae_orc_bridge_out, minmay_shop_mayhem, uniq_nergalle
Orc:2:    st_orc_congregation, layout_caves, basic_altar
Vaults:1: nicolae_vaults_closet_pinwheel_5, vaults_room_guarded_vault,
          v_pattern_2, vaults_standard_mumra_x, nicolae_vaults_tetromino_L_2,
          hangedman_vaults_stitches, v_misc_5, nicolae_vaults_wine_cellar,
          ontoclasm_vaults_gateway, nicolae_vaults_specimen_jars,
          layout_vaults_chaotic_city
Vaults:2: dpeg_index_elf_rogue_hall, nicolae_vaults_little_squares_6,
          nicolae_vaults_apartment_1, v_misc_10,
          nicolae_vaults_taking_the_gang_shopping, layout_vaults_omnigrid,
          serial_shops, shop
Vaults:3: hangedman_vaults_pinch, minmay_crypt_entry_simple_round,
          v_alt_pattern_6, serial_ice_b, ontoclasm_vaults_ligature, st_cells,
          nicolae_vaults_angled_halls, ontoclasm_vaults_eye,
          nicolae_vaults_turnstiles, nicolae_vaults_apartment_2,
          nicolae_vaults_closet_pinwheel_2, nicolae_vaults_storage_room_statues,
          nicolae_vaults_tetromino_T_1, nicolae_vaults_diamond_2,
          layout_vaults_omnicross
Vaults:4: nicolae_vaults_storage_closets_2,
          nicolae_vaults_windows_and_doors_thing, hangedman_vaults_stream,
          vaults_dpeg_diagonal, nicolae_vaults_little_squares_1,
          ontoclasm_vaults_bender, nicolae_vaults_three_branches,
          vaults_mumra_minichess, vaults_mumra_minichess_inversion,
          nicolae_vaults_loss_of_containment, nicolae_vaults_two_Ls,
          vaults_dpeg_hooks, layout_vaults_maze_snakey, serial_shops, shop
Vaults:5: uniq_jory
Depths:1: layout_cave_pools, enter_ziggurat_f, hell_entry,
          fedhas_altar_fruit_tree, rand_demon_pan_entry_8,
          hangedman_decor_slide_cut, nrook_uturn, okawaru_altar_gauntlet_db
Depths:2: hangedman_cross_veins, layout_basic, minmay_room_of_horrors,
          grunt_pan_entry_zigzag, hell_entry, kennysheep_cross_bottleneck,
          uniq_grunn, uniq_boris, uniq_vv
Depths:3: grunt_bent_corner, layout_gridlike, rand_demon_pan_entry_3,
          hell_entry, roderic_serpentine_path, abyss_entry_crystal,
          nicolae_figureground_pulse, uniq_mara
Depths:4: grunt_zot_entry_pinwheel, layout_small_grid,
          minmay_misc_feat_diagonals, rand_demon_pan_entry_9,
          hangedman_abyss_entry_splay, grunt_mini_vestibule,
          lemuel_statue_altar, beargit_hepliaklqana_dungeon_heroes,
          serial_bayou_shore_b, uniq_josephina, uniq_xtahua, uniq_margery
Zot:1:    layout_twisted_circle, regret_index_zotdec_tunneler
Zot:2:    grunt_zot_stairs_faceoff, layout_concentric_octagons,
          bh_zot_ikea_curve, st_stairs_3, grunt_ministairs_2
Zot:3:    lemuel_acid_trip, layout_cathedral_of_symmetry, skrybe_zot_glass_2
Zot:4:    layout_gridlike, nicolae_transmutations_shop
Zot:5:    layout_twisted_circle

Skill      XL: |  1  2  3  4  5  6  7  8  9 10 11 12 13 14 15 16 17 18 19 20 21 22 23 24 25 26 27 |
---------------+----------------------------------------------------------------------------------+-----
Axes           | 2 3 4 5 6 8 9 11 12 14 15 16 17 18 | 18.0
Fighting       | 4 5 6 7 8 9 11 13 15 16 17 18 20 21 22 23 24 25 26 27 | 27.0
Stealth        | 3 5 |  5.0
Armour         | 4 5 7 10 12 13 15 16 17 18 20 21 22 24 26 | 26.6
Shields        | 4 5 8 11 13 15 17 18 20 | 20.0
Invocations    | 3 4 5 8 10 13 14 18 | 18.0
Dodging        | 1 4 5 7 9 10 15 16 | 16.7

Action                     |  1- 3 |  4- 6 |  7- 9 | 10-12 | 13-15 | 16-18 | 19-21 | 22-24 | 25-27 || total
---------------------------+-------+-------+-------+-------+-------+-------+-------+-------+-------++-------
  Melee: War axe           |    43 |       |       |       |    16 |       |       |       |       ||    59
         Whip              |    52 |   166 |   429 |  1029 |       |       |       |       |       ||  1676
         Morningstar       |       |       |       |   241 |   459 |    14 |    58 |       |       ||   772
         Broad axe         |       |       |       |       |   771 |  1393 |  1576 |  1911 |  2060 ||  7711
  Throw: Dart              |       |       |     2 |     2 |       |       |       |       |       ||     4
 Invoke: Heroism           |       |       |       |    13 |     6 |     9 |     9 |     9 |     9 ||    55
         Receive Weapon    |       |       |       |       |     1 |       |       |       |       ||     1
         Receive Armour    |       |       |       |       |     1 |       |       |       |       ||     1
         Finesse           |       |       |       |       |     2 |     1 |     1 |     2 |     2 ||     8
  Evoke: Wand              |       |       |       |     7 |     1 |       |       |       |     2 ||    10
    Use: Scroll            |       |     7 |     2 |    14 |     8 |     2 |     1 |     8 |     2 ||    44
         Potion            |       |       |     3 |     6 |     1 |     3 |     2 |     4 |     5 ||    24
   Stab: Petrifying        |       |       |       |       |       |       |     2 |       |       ||     2
         Distracted        |       |       |       |       |       |       |       |     1 |       ||     1
         Invisible         |       |       |       |       |       |       |       |     1 |     1 ||     2
 Armour: Scale mail        |    83 |    63 |       |       |       |       |       |       |       ||   146
         Chain mail        |       |    46 |   369 |   969 |       |       |       |       |       ||  1384
         Plate armour      |       |       |       |   252 |  1099 |  1136 |  1008 |   533 |       ||  4028
         Gold dragon scale |       |       |       |       |       |       |       |   246 |   857 ||  1103
  Dodge: Dodged            |    46 |    66 |   143 |   508 |   342 |   377 |   423 |   283 |   350 ||  2538
         Repelled          |       |       |       |       |    14 |    34 |    23 |    20 |    39 ||   130
  Block: Buckler           |    20 |    36 |    74 |   270 |   215 |   215 |   128 |       |       ||   958
         Tower shield      |       |       |       |       |       |       |   725 |  1292 |  1122 ||  3139
         Reflection        |       |       |       |       |       |       |       |    13 |    52 ||    65
